 Dungeon Crawl Stone Soup version 0.25.0-9-g26727b657a (webtiles) character file.

Game seed: 4493850802675203984

88 Delamore the Cudgeler (level 4, -14/28 HPs)
             Began as a Gargoyle Fighter on June 18, 2020.
             Killed by divine providence
             ... invoked by an orc priest
              (16 damage)
             ... on level 3 of the Dungeon.
             The game lasted 00:01:39 (2414 turns).

Delamore the Cudgeler (Gargoyle Fighter)            Turns: 2414, Time: 00:01:40

Health: -14/28     AC: 10    Str: 20    XL:     4   Next: 54%
Magic:  4/4        EV:  7    Int:  9    God:
Gold:   139        SH:  9    Dex:  9    Spells: 3/3 levels left

rFire    . . .     SeeInvis .   a - +0 flail
rCold    . . .     Gourm    .   c - +0 kite shield
rNeg     + . .     Faith    .   b - +0 scale mail
rPois    ∞         Spirit   .   (no helmet)
rElec    +         Reflect  .   (no cloak)
rCorr    .         Harm     .   (no gloves)
MR       .....                  (no boots)
Stlth    ..........             (no amulet)
HPRegen  0.09/turn              (no ring)
MPRegen  0.09/turn              (no ring)

@: no status effects
A: negative energy resistance 1, electricity resistance, unbreathing,
petrification resistance, rot immunity, AC +3
a: no special abilities


You were on level 3 of the Dungeon.
You were not hungry.

You visited 1 branch of the dungeon, and saw 3 of its levels.

You collected 139 gold pieces.

Inventory:

Hand Weapons
 a - a +0 flail (weapon)
Armour
 b - a +0 scale mail (worn)
 c - a +0 kite shield (worn)
 s - a +0 pair of boots
Jewellery
 k - an uncursed ring of see invisible {unknown}
 p - a cursed amulet of inaccuracy {unknown}
Wands
 n - a wand of paralysis (5)
Scrolls
 e - 2 scrolls of teleportation {unknown}
 g - 4 scrolls of identify {unknown}
 m - 2 scrolls of magic mapping {unknown}
 o - a scroll of amnesia {unknown}
 q - a scroll of fog {unknown}
 t - a scroll of remove curse {unknown}
Potions
 d - 2 potions of might
 h - 3 potions of curing {unknown}
 i - a potion of heal wounds {unknown}
 j - a potion of degeneration {unknown}
 l - a potion of stabbing {unknown}
 r - a potion of mutation {unknown}
Comestibles
 f - 4 rations


   Skills:
 - Level 3.2 Fighting
 + Level 4.6 Maces & Flails
 - Level 3.2 Armour
 - Level 3.2 Shields


You had 3 spell levels left.
You didn't know any spells.
Your spell library was empty.

Dungeon Overview and Level Annotations

Branches:
Dungeon (3/15)

Altars:
Fedhas
Qazlal
Zin


Innate Abilities, Weirdness & Mutations

You are resistant to torment.
Your stone body is resilient. (AC +3)
You are immune to poison.
You resist negative energy. (rN+)
You are resistant to electric shocks. (rElec)
You can survive without breathing.
You are immune to petrification.
You are immune to rotting.


Message History

The orc priest mumbles some strange prayers to Beogh against you.
Beogh smites you!
You are too injured to fight recklessly!
You are too injured to fight recklessly!
You are too injured to fight recklessly!
You are too injured to fight recklessly!
You are too injured to fight recklessly!
You are too injured to fight recklessly!
You are too injured to fight recklessly!
You are too injured to fight recklessly!
You are too injured to fight recklessly!
You hit the orc priest.
The orc priest is severely wounded.
The orc priest calls down the wrath of Beogh upon you.
Beogh smites you!
* * * LOW HITPOINT WARNING * * *
The orc priest invokes the aid of Beogh against you.
Beogh smites you!
Ouch! That really hurt!
You die...

............#
............#
...........###########
....$.....#..........#
#..##..........#
#..##..........#
..#######...#...<......#
......o.....#..........#
#####@.)/............#
#..<...#..........#
#.#.####..........#
...#.# #..........#
........ #..........#
.#........ ##.#########
.......... #.#
........... ..# .......


You could see an orc priest.

Vanquished Creatures
  2 adders
  An ooze (D:1)
  2 worms (D:2)
  A dart slug (D:1)
  2 leopard geckos (D:1)
  6 orcs
  4 bats
  3 giant cockroaches
  7 goblins
  2 hobgoblins (D:1)
  5 jackals (D:1)
  3 frilled lizards
  2 kobolds
  10 rats
50 creatures vanquished.

Notes
Turn   | Place    | Note
-------+----------+-------------------------------------------
     0 | D:1      | Delamore the Gargoyle Fighter began the quest for the Orb.
     0 | D:1      | Reached XP level 1. HP: 14/14 MP: 1/1
   161 | D:1      | Reached XP level 2. HP: 8/19 MP: 2/2
   408 | D:1      | Reached skill level 3 in Maces & Flails
   791 | D:1      | Reached XP level 3. HP: 23/23 MP: 3/3
  1376 | D:2      | Reached skill level 4 in Maces & Flails
  1509 | D:2      | Found a blossoming altar of Fedhas.
  1520 | D:2      | Found a stormy altar of Qazlal.
  1653 | D:2      | Found a glowing silver altar of Zin.
  1910 | D:3      | Reached XP level 4. HP: 28/28 MP: 4/4
  2414 | D:3      | Killed from afar by an orc priest

Illustrated notes

Levels and vault maps discovered:
D:1:      wheals_arrival_shading, layout_basic
D:2:      layout_loops_ring, grunt_temple_overflow_forces_of_nature,
          lemuel_statue_altar
D:3:      layout_rooms, gammafunk_temple_overflow_claw,
          chequers_temple_overflow_statue_of_worship, first_ration,
          xom_teletrap_fun

Skill      XL: |  1  2  3 |
---------------+----------+-----
Maces & Flails | 3 4 |  4.6
Fighting       | |  3.2
Armour         | |  3.2
Shields        | |  3.2

Action                   |  1- 3 |  4- 6 || total
-------------------------+-------+-------++-------
Melee: Flail             |   166 |    74 ||   240
  Eat: Chunk             |     2 |       ||     2
       Ration            |       |     1 ||     1
Armor: Scale mail        |    99 |    74 ||   173
Dodge: Dodged            |    62 |    40 ||   102
Block: Kite shield       |    90 |    64 ||   154
